 Dungeon Crawl Stone Soup version 0.31.0-9-g3a7656b989 (webtiles) character file.

Game seed: 13302648410557612525

2464 Marvel the Grappler (level 9, -10/73 (84) HPs)
             Began as a Troll Berserker on Feb 3, 2024.
             Was an Elder of Trog.
             Mangled by a wight
             ... wielding a +3 great sword
              (18 damage)
             ... on level 7 of the Dungeon.
             The game lasted 00:08:39 (5447 turns).

Marvel the Grappler (Troll Berserker)               Turns: 5447, Time: 00:08:41

HP:   -10/73 (84)   AC:  4    Str: 31    XL:     9   Next: 26%
MP:   8/8           EV: 16    Int:  9    God:    Trog [****..]
Gold: 45            SH:  0    Dex:  9    Spells: 8/8 levels left

rFire   . .          .
                       - Unarmed
rCold   . . .        (no shield)
rNeg    . . .        a - +0 animal skin
rPois   .            (helmet restricted)
rElec   .            (no cloak)
rCorr   .            (gloves unavailable)
SInv    .            (boots unavailable)
Will    .....        (no amulet)
Stlth   +            k - +5 ring of evasion
HPRegen 1.12/turn    l - +6 ring of intelligence
MPRegen 0.11/turn

%: no passive effects
@: on berserk cooldown, slowed, heavily drained, very slow
A: large, unfitting armour, claws 3, regeneration 1, shaggy fur 1, tough skin 1
a: Renounce Religion, Berserk, Trog's Hand, Brothers in Arms


You were on level 7 of the Dungeon.
You worshipped Trog.
Trog was greatly pleased with you.
You visited 1 branch of the dungeon, and saw 8 of its levels.
You also visited: Ossuary.

You collected 301 gold pieces.
You spent 256 gold pieces at shops.

Inventory:

Missiles
 d - 13 poisoned darts (quivered)
 g - 2 throwing nets
Armour
 a - a +0 animal skin (worn)
Jewellery
 k - a +5 ring of evasion (left claw)
 l - a +6 ring of intelligence (right claw)
 o - a +6 ring of intelligence
 x - a +6 ring of dexterity
 J - a ring of poison resistance
Wands
 F - a wand of iceblast (3)
 I - a wand of mindburst (8)
Scrolls
 b - 6 scrolls of teleportation {unknown}
 c - 13 scrolls of identify
 e - 2 scrolls of immolation {unknown}
 h - a scroll of fog {unknown}
 i - 3 scrolls of vulnerability {unknown}
 m - a scroll of brand weapon {unknown}
 n - 3 scrolls of enchant armour {unknown}
 p - 2 scrolls of fear {unknown}
 s - 3 scrolls of poison {unknown}
 w - a scroll of noise {unknown}
 y - a scroll of silence {unknown}
 A - a scroll of enchant weapon {unknown}
 B - 3 scrolls of amnesia {unknown}
 C - 2 scrolls of revelation {unknown}
 H - a scroll of blinking {unknown}
Potions
 f - 2 potions of brilliance {unknown}
 j - 2 potions of invisibility {unknown}
 q - 3 potions of heal wounds
 r - 2 potions of degeneration {unknown}
 t - a potion of haste
 u - 2 potions of attraction
 v - 6 potions of curing
 z - 3 potions of enlightenment {unknown}
 D - a potion of mutation {unknown}
 E - 3 potions of cancellation {unknown}
 G - a potion of might {unknown}


   Skills:
 + Level 4.2 Fighting
 + Level 5.6 Dodging
 + Level 10.6 Unarmed Combat


You had 8 spell levels left.
You didn't know any spells.
Your spell library was empty.

Dungeon Overview and Level Annotations

Branches:
Dungeon (8/15)             Temple (0/1) D:5         Ossuary (visited)
   Lair: D:8-11

Altars:
Dithmenos
Ru
Uskayaw
Wu Jian
Zin

Shops:
D:4 *   D:7 :!=*[


Innate Abilities, Weirdness & Mutations

You are too large for most types of armour.
You have claws for hands.
Your natural rate of healing is unusually fast.
You are covered in fur. (AC +1)
You have tough skin. (AC +1)


Message History

You feel drained. The wight hits you with a +0 trident!
The wight hits you with a +0 great sword!
You feel drained.
The wight hits you with a +4 morningstar!
You feel drained.
The wight hits you with a +3 great sword.
The wight hits you with a +0 trident.
You feel drained.
The wight hits you with a +0 great sword!
The wight hits you with a +4 morningstar!
* * * LOW HITPOINT WARNING * * *
You can move again.
You are too berserk!
You scratch the wight.
The wight is lightly damaged.
The wight misses you. The wight barely misses you.
You mangle the wight!!
You destroy the wight!
Trog accepts your kill. The wight closely misses you.
You barely miss the wight.
The wight is heavily damaged.
The wight misses you. The wight barely misses you.
The wight hits you with a +4 morningstar.
* * * LOW HITPOINT WARNING * * *
There is a stone staircase leading up here.
You feel a strong urge to attack something.
The wight hits you from afar with a +0 trident!
* * * LOW HITPOINT WARNING * * *
The wight hits you with a +4 morningstar!
* * * LOW HITPOINT WARNING * * *
You climb upwards.
You are no longer berserk.
You are exhausted.
You feel yourself slow down.
There is a stone staircase leading down here.
You claw the wight!
The wight is severely damaged.
The wight misses you.
The wight hits you with a +3 great sword!!
You die...

....#.###### #.#..8#'#8..
...........###########.#...#'#...
...>..............#..............
###......(.######.#.#######...###
.............<.##.#..........###
##############.##.#'#..........#
........................####.#.#
.#############.###......+(.#.#.#
.# #..zz@+......##.#.#.# .#
######'#.###......##.#.#.#
.######........# ##'#........#.#
......'........####.#......###.##
#######.............#............
...†....#############....########
#######.....................∩.#..
......#.....#################.#.#
.<....#.....# ##.#.#


You could see 2 wights.

Vanquished Creatures
  Grinder (D:4)
  An orc warrior (D:8)
  A black bear (D:4)
  A sky beast (D:6)
  2 ogres (D:6)
  2 centaurs (D:6)
  A kobold brigand (D:7)
  3 bullfrogs
  A scorpion (D:5)
  A wight (D:8)
  4 killer bees (D:7)
  A troll zombie (Ossuary)
  A bombardier beetle (D:6)
  3 centaur zombies (Ossuary)
  A hound (D:6)
  A human zombie (Ossuary)
  4 orc priests
  4 jellies
  A gnoll bouda (D:5)
  3 iguanas
  3 sleepcaps
  2 orc wizards
  An ogre zombie (Ossuary)
  7 mummies (Ossuary)
  4 gnolls
  8 adders
  A shadow imp (D:5)
  A white imp (D:5)
  2 ufetubi
  7 adder zombies (Ossuary)
  3 dart slugs
  2 ribbon worms
  18 orcs
  16 ball pythons
  7 endoplasms
  2 giant cockroaches
  A gnoll zombie (Ossuary)
  13 goblins
  7 hobgoblins
  5 jackals
  7 kobolds
  3 quokkas
  A bat (D:2)
  2 frilled lizards
  2 goblin zombies (Ossuary)
  4 hobgoblin zombies (Ossuary)
  5 kobold zombies (Ossuary)
  3 quokka zombies (Ossuary)
  4 rats
  2 rat zombies (Ossuary)
180 creatures vanquished.

Notes
Turn   | Place    | Note
-------+----------+-------------------------------------------
     0 | D:1      | Marvel the Troll Berserker began the quest for the Orb.
     0 | D:1      | Reached XP level 1. HP: 22/22 MP: 0/0
   133 | D:1      | Reached XP level 2. HP: 29/29 MP: 1/1
   767 | D:2      | Reached XP level 3. HP: 36/36 MP: 2/2
   846 | D:2      | Reached ** piety under Trog
  1209 | D:2      | Reached skill level 4 in Unarmed Combat
  1229 | D:2      | Reached XP level 4. HP: 40/44 MP: 3/3
  1328 | D:3      | Found an ornate altar of the Wu Jian Council.
  1930 | D:4      | Reached XP level 5. HP: 50/53 MP: 4/4
  2055 | D:4      | Noticed a black bear
  2079 | D:4      | Killed a black bear
  2080 | D:4      | Reached skill level 5 in Unarmed Combat
  2164 | D:4      | Noticed Grinder
  2169 | D:4      | Paralysed by Grinder for 3 turns
  2177 | D:4      | Paralysed by Grinder for 3 turns
  2192 | D:4      | Killed Grinder
  2193 | D:4      | Reached skill level 6 in Unarmed Combat
  2193 | D:4      | Reached XP level 6. HP: 27/61 MP: 5/5
  2397 | D:4      | Found a shadowy altar of Dithmenos.
  2567 | D:4      | Found Fuohuutz's General Store.
  2570 | D:4      | Found Lido's Specific Store.
  2576 | D:4      | Bought a potion of haste for 120 gold pieces
  2762 | D:5      | Entered Level 5 of the Dungeon
  2767 | D:5      | Reached *** piety under Trog
  2830 | D:4      | Bought a scroll of identify for 24 gold pieces
  2903 | D:4      | HP: 4/91 [gnoll/+0 whip[a gnoll bouda] (4)]
  2908 | D:4      | HP: 4/91 [poisoned by an adder]
  2911 | D:4      | Reached XP level 7. HP: 6/67 MP: 6/6
  2995 | D:5      | Found a staircase to the Ecumenical Temple.
  3232 | D:5      | Reached skill level 7 in Unarmed Combat
  3511 | D:6      | Reached XP level 8. HP: 47/78 MP: 7/7
  3528 | D:6      | Found a sacrificial altar of Ru.
  3549 | D:6      | Reached skill level 8 in Unarmed Combat
  3728 | D:6      | Found a glowing silver altar of Zin.
  3736 | D:6      | Reached skill level 5 in Dodging
  3751 | D:6      | Found a sand-covered staircase.
  3755 | Ossuary  | Entered an ossuary
  3784 | Ossuary  | Reached **** piety under Trog
  3960 | Ossuary  | Reached skill level 9 in Unarmed Combat
  4584 | D:7      | Found Wetionko's Book Boutique.
  4738 | D:7      | Found a hide-covered altar of Uskayaw.
  4786 | D:7      | Found Roeny's Jewellery Shop.
  4787 | D:7      | Found Unoilock's Distillery.
  4792 | D:7      | Bought a potion of curing for 42 gold pieces
  4792 | D:7      | Bought a potion of heal wounds for 70 gold pieces
  4800 | D:7      | Reached XP level 9. HP: 78/84 MP: 8/8
  4802 | D:7      | Reached skill level 10 in Unarmed Combat
  4906 | D:7      | Found Tonlah's General Store.
  4930 | D:7      | Found Uwkeclul's Antique Armour Boutique.
  5438 | D:8      | Paralysed by a wight for 2 turns
  5447 | D:7      | Mangled by a wight

Illustrated notes

Levels and vault maps discovered:
D:1:      evilmike_arrival_plus, layout_basic, glass_columns_a
D:2:      layout_basic
D:3:      layout_loops_ring, nicolae_wu_jian_wuxing_cycle, nicolae_the_louvre
D:4:      layout_basic, lemuel_crystal_altar, nicolae_specific_store,
          roderic_roman_lattice, kennysheep_small_spiral, uniq_grinder
D:5:      layout_rooms, minmay_temple_entry_statues_pillars
D:6:      layout_loops_ring, nicolae_ru_sacrificial_ziggurat, zin_academy,
          enter_ossuary_5
D:7:      layout_basic, general_overflow_altar, serial_shops, shop,
          nicolae_shop_crystal, nicolae_shop_real_fake_doors, shop, shop
D:8:      layout_cave_pools, nemelex_diamond_rough_becter

Skill      XL: |  1  2  3  4  5  6  7  8  9 |
---------------+----------------------------+-----
Dodging        | 3 4 5 |  5.6
Unarmed Combat | 4 6 7 9 10 | 10.6
Fighting       | 3 4 |  4.2

Action                     |  1- 3 |  4- 6 |  7- 9 || total
---------------------------+-------+-------+-------++-------
  Melee: Unarmed           |    94 |   128 |   293 ||   515
         Punch             |     1 |     4 |    16 ||    21
 Invoke: Berserk           |       |     1 |     1 ||     2
    Use: Scroll            |       |     1 |       ||     1
   Stab: Sleeping          |     1 |     1 |       ||     2
 Armour: Animal skin       |    48 |   102 |   136 ||   286
  Dodge: Dodged            |    55 |   156 |   205 ||   416
